General information
- name: BNet
- type: Ladder team game (AT/RT)
- host: Battle.net
- saver: 7up_coolspot
map: Sanctuary_LV
- players: 8
- length: 52:58
- speed: Fast
- version: 1.10030 W3XP
- replay type: Public
» download(530 KB)
Players
team 1 (loser)

»
TiddyBabyGravy (
pink | 37 APM | 1482 actions | 40:31)
6 Tauren Chieftain
3 War Stomp
2 Endurance Aura
1 Reincarnation
5 Shadow Hunter
3 Healing Wave
2 Hex
» actions
| Build / train | 120 | |
| Enter build submenu | 22 | |
| Enter hero's abilities submenu | 11 | |
| Give item / drop item | 1 | |
| Remove unit from queue | 8 | |
| Right click | 718 | |
| Select / deselect | 479 | |
| Use ability | 123 | |
1482 total
» units
| Peon | 13 | |
| Grunt | 5 | |
| Tauren | 15 | |
| Shaman | 14 | |
| Demolisher | 13 | |
| Troll Witch Doctor | 4 | |
64 total
» upgrades
| Shaman Training | 2 | |
| Reinforced Defenses | 1 | |
| Armor | 3 | |
| Pulverize | 1 | |
| Melee Weapons | 3 | |
| Burning Oil | 1 | |
| Spiked Barricades | 2 | |
| Ranged Weapons | 2 | |
| Witch Doctor Training | 2 | |
17 total
» buildings
| Altar of Storms | 1 | |
| Barracks | 1 | |
| Orc Burrow | 8 | |
| War Mill | 1 | |
| Voodoo Lounge | 1 | |
| Watch Tower | 4 | |
| Stronghold | 2 | |
| Great Hall | 1 | |
| Fortress | 1 | |
| Spirit Lodge | 2 | |
| Tauren Totem | 1 | |
23 total
» build order
00:16 Altar of Storms
00:20 Barracks
00:28 Orc Burrow
01:41 War Mill
02:00 Orc Burrow
02:15 Voodoo Lounge
03:00 Watch Tower
03:33 Stronghold
03:33 Stronghold
04:02 Watch Tower
04:38 Great Hall
05:10 Orc Burrow
05:59 Fortress
06:44 Spirit Lodge
07:46 Tauren Totem
08:36 Orc Burrow
10:19 Orc Burrow
11:43 Watch Tower
12:02 Orc Burrow
12:40 Watch Tower
13:25 Orc Burrow
16:38 Orc Burrow
34:21 Spirit Lodge
» items
| Lesser Clarity Potion | 4 | |
| Healing Salve | 2 | |
| Scroll of Town Portal | 2 | |
| Potion of Healing | 2 | |
| Potion of Mana | 1 | |
| Orb of Lightning | 1 | |
| Tiny Great Hall | 1 | |
13 total
Newbs (
purple | 42 APM | 2118 actions | 49:58)
10 Archmage
3 Summon Water Elemental
3 Brilliance Aura
1 Mass Teleport
3 Blizzard
» actions
| Basic commands | 72 | |
| Build / train | 182 | |
| Enter build submenu | 32 | |
| Enter hero's abilities submenu | 10 | |
| Give item / drop item | 7 | |
| Remove unit from queue | 2 | |
| Right click | 586 | |
| Select / deselect | 884 | |
| Use ability | 342 | |
2118 total
» units
| Peasant | 39 | |
| Mortar Team | 14 | |
| Siege Engine | 19 | |
| Dragonhawk Rider | 37 | |
| Flying Machine | 16 | |
| Sorceress | 2 | |
| Spell Breaker | 1 | |
| Gryphon Rider | 1 | |
129 total
» upgrades
| Masonry | 3 | |
| Gunpowder | 3 | |
| Armor | 3 | |
| Lumber Harvesting | 2 | |
| Flare | 1 | |
| Fragmentation Shards | 1 | |
| Barrage | 1 | |
| Plating | 2 | |
| Cloud | 1 | |
| Flak Cannons | 1 | |
| Flying Machine Bombs | 1 | |
| Swords | 3 | |
| Storm Hammers | 1 | |
23 total
» buildings
| Lumber Mill | 1 | |
| Altar of Kings | 1 | |
| Farm | 11 | |
| Scout Tower | 2 | |
| Arcane Tower | 2 | |
| Blacksmith | 1 | |
| Keep | 1 | |
| Castle | 1 | |
| Workshop | 3 | |
| Arcane Vault | 1 | |
| Town Hall | 3 | |
| Gryphon Aviary | 3 | |
| Arcane Sanctum | 2 | |
32 total
» build order
00:25 Lumber Mill
00:38 Altar of Kings
01:06 Farm
01:41 Scout Tower
01:46 Farm
02:09 Scout Tower
02:11 Arcane Tower
02:23 Blacksmith
02:38 Arcane Tower
03:17 Keep
03:38 Farm
04:18 Farm
04:57 Farm
05:37 Farm
05:39 Castle
05:44 Workshop
06:17 Farm
07:03 Workshop
07:39 Workshop
10:14 Arcane Vault
10:58 Farm
11:22 Farm
12:17 Farm
14:40 Town Hall
20:11 Town Hall
22:12 Gryphon Aviary
22:14 Gryphon Aviary
22:32 Gryphon Aviary
23:37 Farm
33:25 Town Hall
37:50 Arcane Sanctum
37:51 Arcane Sanctum
» items
| Boots of Speed | 1 | |
| Scroll of Protection | 1 | |
| Potion of Lesser Invulnerability | 1 | |
| Lesser Clarity Potion | 2 | |
| Potion of Mana | 1 | |
| Potion of Healing | 4 | |
| Scroll of Town Portal | 1 | |
11 total
host (
green | 46 APM | 2462 actions | 52:57)
7 Far Seer
3 Feral Spirit
3 Chain Lighting
1 Earth Quake
7 Shadow Hunter
3 Healing Wave
2 Hex
2 Big Bad Voodoo
1 Blademaster
1 Wind Walk
1 Tauren Chieftain
1 Endurance Aura
» actions
| Basic commands | 119 | |
| Build / train | 133 | |
| ESC pressed | 3 | |
| Enter build submenu | 65 | |
| Enter hero's abilities submenu | 17 | |
| Give item / drop item | 5 | |
| Right click | 854 | |
| Select / deselect | 926 | |
| Use ability | 340 | |
2462 total
» units
| Peon | 28 | |
| Grunt | 3 | |
| Troll Headhunter/Berserker | 3 | |
| Goblin Shredder | 1 | |
| Demolisher | 7 | |
| Troll Witch Doctor | 3 | |
| Shaman | 3 | |
| Goblin Zeppelin | 1 | |
49 total
» upgrades
| Armor | 3 | |
| Ranged Weapons | 3 | |
| Troll Regeneration | 1 | |
| Berserker Strength | 1 | |
| Witch Doctor Training | 2 | |
| Reinforced Defenses | 1 | |
| Berserker Upgrade | 1 | |
| Burning Oil | 1 | |
| Shaman Training | 2 | |
| Spiked Barricades | 3 | |
| Melee Weapons | 2 | |
20 total
» buildings
| Orc Burrow | 6 | |
| Altar of Storms | 1 | |
| Barracks | 4 | |
| War Mill | 4 | |
| Voodoo Lounge | 3 | |
| Stronghold | 1 | |
| Great Hall | 4 | |
| Fortress | 1 | |
| Spirit Lodge | 4 | |
| Watch Tower | 44 | |
| Beastiary | 1 | |
73 total
» build order
00:21 Orc Burrow
00:35 Altar of Storms
01:04 Orc Burrow
01:09 Orc Burrow
01:29 Barracks
01:39 Barracks
01:49 Barracks
02:15 War Mill
02:37 Voodoo Lounge
04:29 Stronghold
05:27 Great Hall
06:17 Orc Burrow
06:59 Fortress
07:33 Spirit Lodge
10:29 Spirit Lodge
10:30 Spirit Lodge
11:00 Great Hall
11:41 Spirit Lodge
11:47 War Mill
11:51 Barracks
11:55 War Mill
12:46 Orc Burrow
19:40 Orc Burrow
19:43 War Mill
20:49 Great Hall
23:43 Voodoo Lounge
24:41 Watch Tower
24:43 Watch Tower
24:44 Watch Tower
24:44 Watch Tower
24:48 Watch Tower
24:50 Watch Tower
24:53 Watch Tower
24:58 Watch Tower
28:48 Beastiary
29:22 Watch Tower
29:23 Watch Tower
29:24 Watch Tower
29:26 Watch Tower
29:29 Watch Tower
29:30 Watch Tower
30:55 Watch Tower
30:56 Watch Tower
30:57 Watch Tower
31:00 Watch Tower
31:02 Watch Tower
31:02 Watch Tower
31:03 Watch Tower
31:04 Watch Tower
31:04 Watch Tower
31:05 Watch Tower
31:14 Watch Tower
31:16 Watch Tower
31:17 Watch Tower
31:18 Watch Tower
33:58 Watch Tower
33:59 Watch Tower
34:00 Watch Tower
34:46 Watch Tower
34:46 Watch Tower
34:47 Watch Tower
34:52 Great Hall
37:07 Watch Tower
37:15 Watch Tower
37:16 Watch Tower
38:03 Watch Tower
39:20 Watch Tower
39:29 Voodoo Lounge
39:35 Watch Tower
39:35 Watch Tower
39:36 Watch Tower
39:37 Watch Tower
39:37 Watch Tower
» items
| Healing Salve | 5 | |
| Lesser Clarity Potion | 13 | |
| Circlet of Nobility | 3 | |
| Scroll of Healing | 1 | |
| Boots of Speed | 1 | |
| Potion of Mana | 7 | |
| Orb of Fire | 2 | |
| Potion of Healing | 3 | |
| Scroll of Town Portal | 3 | |
| Orb of Lightning | 1 | |
| Scroll of Regeneration | 1 | |
40 total
Killshot (
red | 32 APM | 1709 actions | 52:38)
7 Mountain King
3 Storm Bolt
2 Thunder Clap
1 Avatar
1 Bash
5 Paladin
2 Divine Shield
2 Devotion Aura
1 Holy Light
» actions
| Basic commands | 39 | |
| Build / train | 121 | |
| Enter build submenu | 33 | |
| Enter hero's abilities submenu | 13 | |
| Give item / drop item | 2 | |
| Right click | 905 | |
| Select / deselect | 474 | |
| Use ability | 121 | |
1709 total
» units
| Peasant | 27 | |
| Footman | 5 | |
| Flying Machine | 9 | |
| Knight | 7 | |
| Siege Engine | 10 | |
| Priest | 7 | |
| Spell Breaker | 1 | |
| Sorceress | 1 | |
| Mortar Team | 2 | |
69 total
» upgrades
| Plating | 3 | |
| Gunpowder | 3 | |
| Masonry | 3 | |
| Lumber Harvesting | 2 | |
| Barrage | 1 | |
| Magic Sentry | 1 | |
| Swords | 2 | |
| Priest Training | 2 | |
| Flying Machine Bombs | 1 | |
| Animal War Training | 1 | |
| Sorceress Training | 1 | |
| Flak Cannons | 1 | |
21 total
» buildings
| Farm | 15 | |
| Altar of Kings | 1 | |
| Barracks | 1 | |
| Arcane Vault | 1 | |
| Scout Tower | 11 | |
| Lumber Mill | 1 | |
| Town Hall | 1 | |
| Keep | 1 | |
| Guard Tower | 9 | |
| Blacksmith | 1 | |
| Castle | 1 | |
| Workshop | 2 | |
| Arcane Sanctum | 1 | |
46 total
» build order
00:17 Farm
00:25 Altar of Kings
00:50 Barracks
00:59 Farm
01:47 Farm
01:53 Arcane Vault
02:27 Farm
03:48 Scout Tower
04:05 Lumber Mill
04:47 Town Hall
04:59 Keep
05:05 Scout Tower
05:07 Scout Tower
05:25 Guard Tower
05:38 Blacksmith
06:02 Guard Tower
06:06 Scout Tower
06:42 Guard Tower
07:42 Castle
07:49 Workshop
07:58 Workshop
08:30 Farm
08:36 Scout Tower
08:40 Scout Tower
09:57 Guard Tower
10:02 Arcane Sanctum
10:45 Farm
12:31 Farm
13:44 Scout Tower
13:47 Guard Tower
15:33 Scout Tower
15:39 Scout Tower
16:05 Guard Tower
16:37 Guard Tower
16:40 Farm
17:42 Farm
19:34 Farm
19:38 Farm
19:39 Farm
19:40 Farm
20:41 Farm
21:24 Farm
24:43 Scout Tower
25:28 Scout Tower
25:46 Guard Tower
31:56 Guard Tower
» items
| Scroll of Regeneration | 1 | |
| Orb of Fire | 1 | |
| Scroll of Town Portal | 4 | |
6 total
team 2 (winner)
cool_player (
orange | 70 APM | 3721 actions | 52:57)
4 Archmage
2 Blizzard
2 Brilliance Aura
4 Pit Lord
2 Rain of Fire
2 Cleaving Attack
3 Blood Mage
2 Flame Strike
1 Siphon Mana
» actions
| Assign group hotkey | 30 | |
| Basic commands | 43 | |
| Build / train | 168 | |
| Enter build submenu | 198 | |
| Enter hero's abilities submenu | 11 | |
| Give item / drop item | 5 | |
| Right click | 1701 | |
| Select / deselect | 825 | |
| Select group hotkey | 262 | |
| Use ability | 478 | |
3721 total
» units
| Peasant | 36 | |
| Goblin Shredder | 2 | |
| Mortar Team | 6 | |
| Siege Engine | 5 | |
49 total
» upgrades
| Masonry | 3 | |
| Lumber Harvesting | 2 | |
| Magic Sentry | 1 | |
| Sorceress Training | 1 | |
| Fragmentation Shards | 1 | |
| Flare | 1 | |
| Barrage | 1 | |
10 total
» buildings
| Altar of Kings | 1 | |
| Farm | 8 | |
| Scout Tower | 234 | |
| Lumber Mill | 4 | |
| Arcane Tower | 7 | |
| Arcane Vault | 4 | |
| Guard Tower | 73 | |
| Keep | 1 | |
| Town Hall | 4 | |
| Arcane Sanctum | 1 | |
| Castle | 1 | |
| Blacksmith | 1 | |
| Workshop | 3 | |
| Cannon Tower | 9 | |
| Gryphon Aviary | 4 | |
355 total
» build order
00:08 Altar of Kings
00:13 Farm
00:46 Scout Tower
00:56 Farm
01:09 Lumber Mill
01:29 Arcane Tower
01:38 Arcane Vault
01:55 Scout Tower
02:24 Guard Tower
02:57 Scout Tower
03:09 Scout Tower
03:24 Scout Tower
03:27 Scout Tower
03:38 Farm
03:40 Guard Tower
03:45 Scout Tower
03:51 Guard Tower
03:57 Scout Tower
03:58 Guard Tower
04:02 Scout Tower
04:13 Guard Tower
04:41 Guard Tower
04:47 Scout Tower
04:54 Guard Tower
04:59 Scout Tower
05:05 Scout Tower
05:15 Guard Tower
05:17 Scout Tower
05:33 Guard Tower
05:37 Scout Tower
05:44 Guard Tower
06:13 Guard Tower
06:16 Scout Tower
06:35 Keep
06:44 Scout Tower
07:20 Town Hall
07:32 Guard Tower
07:37 Farm
07:45 Scout Tower
07:47 Scout Tower
07:49 Scout Tower
07:52 Scout Tower
08:13 Guard Tower
08:16 Arcane Tower
08:17 Guard Tower
08:19 Guard Tower
08:38 Scout Tower
08:39 Scout Tower
08:40 Scout Tower
08:42 Scout Tower
08:43 Scout Tower
08:44 Scout Tower
08:44 Scout Tower
08:45 Scout Tower
08:48 Arcane Vault
08:50 Scout Tower
08:51 Scout Tower
08:52 Scout Tower
08:53 Scout Tower
09:19 Guard Tower
09:24 Arcane Sanctum
09:28 Scout Tower
09:31 Scout Tower
09:33 Scout Tower
09:34 Scout Tower
09:35 Scout Tower
09:37 Castle
09:44 Scout Tower
09:56 Guard Tower
09:57 Guard Tower
09:58 Guard Tower
10:30 Guard Tower
10:38 Guard Tower
10:50 Scout Tower
10:51 Scout Tower
10:52 Scout Tower
10:54 Scout Tower
10:55 Scout Tower
10:56 Guard Tower
10:58 Scout Tower
10:59 Scout Tower
11:01 Scout Tower
11:02 Scout Tower
11:09 Scout Tower
11:09 Scout Tower
11:12 Scout Tower
11:13 Scout Tower
11:14 Scout Tower
11:14 Scout Tower
11:16 Scout Tower
11:16 Scout Tower
11:20 Scout Tower
11:20 Scout Tower
11:21 Scout Tower
11:22 Scout Tower
11:24 Scout Tower
11:25 Scout Tower
11:26 Scout Tower
11:27 Scout Tower
11:40 Guard Tower
11:48 Guard Tower
11:56 Guard Tower
12:01 Guard Tower
12:11 Scout Tower
12:11 Scout Tower
12:13 Scout Tower
12:16 Guard Tower
12:20 Guard Tower
12:29 Scout Tower
12:34 Guard Tower
12:48 Guard Tower
13:06 Scout Tower
13:06 Scout Tower
13:08 Scout Tower
13:09 Scout Tower
13:21 Guard Tower
14:08 Arcane Tower
14:15 Lumber Mill
14:24 Blacksmith
14:43 Scout Tower
14:44 Guard Tower
15:26 Guard Tower
15:42 Scout Tower
15:43 Scout Tower
15:44 Scout Tower
15:46 Scout Tower
16:28 Guard Tower
16:30 Guard Tower
16:30 Guard Tower
16:30 Guard Tower
16:32 Scout Tower
16:32 Scout Tower
16:33 Scout Tower
16:35 Scout Tower
16:42 Workshop
17:27 Guard Tower
17:50 Scout Tower
17:51 Scout Tower
17:51 Scout Tower
17:52 Scout Tower
17:52 Scout Tower
18:03 Farm
18:03 Farm
18:04 Farm
18:04 Farm
19:05 Scout Tower
19:05 Scout Tower
19:07 Scout Tower
19:07 Scout Tower
19:08 Scout Tower
19:09 Scout Tower
19:15 Scout Tower
19:15 Scout Tower
19:15 Scout Tower
19:16 Scout Tower
19:17 Scout Tower
19:17 Scout Tower
19:17 Scout Tower
19:17 Scout Tower
19:17 Scout Tower
19:18 Scout Tower
19:20 Scout Tower
19:20 Scout Tower
19:20 Scout Tower
19:21 Scout Tower
19:22 Scout Tower
19:23 Scout Tower
19:24 Scout Tower
19:24 Scout Tower
19:46 Guard Tower
19:58 Lumber Mill
20:16 Guard Tower
20:26 Guard Tower
20:49 Guard Tower
20:52 Cannon Tower
20:54 Cannon Tower
22:13 Guard Tower
24:27 Guard Tower
25:14 Cannon Tower
31:31 Scout Tower
31:32 Scout Tower
31:33 Scout Tower
31:33 Scout Tower
31:34 Scout Tower
31:35 Scout Tower
32:03 Guard Tower
32:07 Scout Tower
32:08 Scout Tower
32:10 Scout Tower
32:11 Scout Tower
32:12 Scout Tower
32:12 Scout Tower
32:18 Town Hall
32:20 Scout Tower
32:21 Scout Tower
32:21 Scout Tower
32:22 Scout Tower
32:23 Scout Tower
34:16 Guard Tower
34:30 Scout Tower
34:31 Scout Tower
34:32 Scout Tower
34:34 Scout Tower
34:35 Scout Tower
34:37 Scout Tower
34:38 Scout Tower
34:39 Scout Tower
34:40 Scout Tower
34:41 Scout Tower
35:28 Arcane Tower
37:05 Scout Tower
37:06 Scout Tower
37:06 Scout Tower
37:57 Scout Tower
38:03 Guard Tower
38:15 Scout Tower
38:16 Scout Tower
38:17 Scout Tower
38:32 Guard Tower
38:33 Scout Tower
38:43 Guard Tower
38:49 Gryphon Aviary
38:51 Gryphon Aviary
38:54 Gryphon Aviary
38:57 Gryphon Aviary
40:09 Guard Tower
40:27 Scout Tower
40:28 Scout Tower
40:29 Scout Tower
40:30 Scout Tower
40:32 Scout Tower
40:33 Scout Tower
40:34 Scout Tower
40:36 Scout Tower
40:38 Scout Tower
40:39 Scout Tower
40:40 Scout Tower
40:41 Scout Tower
40:53 Guard Tower
40:55 Scout Tower
40:56 Scout Tower
40:57 Scout Tower
41:01 Guard Tower
41:05 Scout Tower
41:06 Scout Tower
41:07 Scout Tower
41:08 Scout Tower
41:33 Guard Tower
41:41 Arcane Vault
41:46 Guard Tower
41:50 Guard Tower
42:00 Guard Tower
42:22 Scout Tower
42:25 Town Hall
42:26 Guard Tower
42:48 Guard Tower
42:49 Scout Tower
42:51 Guard Tower
42:53 Scout Tower
42:56 Guard Tower
42:58 Cannon Tower
42:59 Cannon Tower
42:59 Cannon Tower
43:00 Scout Tower
43:11 Scout Tower
43:11 Scout Tower
43:12 Scout Tower
43:13 Scout Tower
43:19 Guard Tower
43:21 Scout Tower
43:22 Guard Tower
43:23 Scout Tower
43:24 Scout Tower
43:26 Scout Tower
43:31 Scout Tower
43:32 Scout Tower
43:35 Scout Tower
43:36 Scout Tower
43:45 Workshop
43:47 Workshop
43:50 Guard Tower
43:52 Cannon Tower
44:57 Guard Tower
44:58 Cannon Tower
44:58 Cannon Tower
45:05 Scout Tower
45:05 Scout Tower
45:07 Scout Tower
45:08 Scout Tower
45:37 Arcane Tower
45:58 Scout Tower
46:00 Scout Tower
46:12 Arcane Tower
46:12 Arcane Tower
47:24 Guard Tower
48:38 Scout Tower
48:39 Scout Tower
48:57 Scout Tower
49:03 Scout Tower
49:05 Scout Tower
49:09 Scout Tower
49:10 Scout Tower
49:11 Scout Tower
49:13 Scout Tower
49:14 Scout Tower
49:17 Town Hall
49:19 Scout Tower
49:19 Scout Tower
49:19 Scout Tower
49:21 Scout Tower
49:22 Scout Tower
49:23 Scout Tower
49:24 Scout Tower
49:25 Scout Tower
49:26 Scout Tower
49:26 Scout Tower
49:28 Scout Tower
49:29 Scout Tower
49:30 Scout Tower
49:32 Scout Tower
49:34 Scout Tower
49:35 Scout Tower
49:36 Scout Tower
49:38 Scout Tower
49:39 Scout Tower
49:40 Scout Tower
49:40 Scout Tower
49:42 Scout Tower
49:43 Scout Tower
49:44 Scout Tower
49:45 Scout Tower
49:45 Scout Tower
49:45 Scout Tower
49:46 Scout Tower
49:47 Guard Tower
49:52 Guard Tower
49:58 Guard Tower
50:00 Scout Tower
50:00 Scout Tower
50:05 Scout Tower
50:09 Scout Tower
50:11 Guard Tower
50:16 Scout Tower
50:18 Scout Tower
50:19 Guard Tower
51:33 Guard Tower
51:35 Guard Tower
51:42 Scout Tower
51:45 Arcane Vault
51:48 Scout Tower
51:49 Scout Tower
51:52 Scout Tower
51:54 Scout Tower
51:56 Guard Tower
52:33 Lumber Mill
» items
7up_coolspot (
teal | 94 APM | 4995 actions | 52:58)
6 Blood Mage
2 Flame Strike
3 Siphon Mana
1 Summon Phoenix
5 Archmage
2 Blizzard
3 Brilliance Aura
5 Pit Lord
3 Rain of Fire
2 Cleaving Attack
» actions
| Assign group hotkey | 56 | |
| Basic commands | 68 | |
| Build / train | 212 | |
| ESC pressed | 11 | |
| Enter build submenu | 71 | |
| Enter hero's abilities submenu | 18 | |
| Give item / drop item | 12 | |
| Right click | 2524 | |
| Select / deselect | 562 | |
| Select group hotkey | 850 | |
| Use ability | 611 | |
4995 total
» units
| Peasant | 23 | |
| Goblin Shredder | 6 | |
| Goblin Zeppelin | 3 | |
| Priest | 3 | |
| Sorceress | 3 | |
| Dragonhawk Rider | 5 | |
43 total
» upgrades
| Masonry | 3 | |
| Lumber Harvesting | 1 | |
| Magic Sentry | 1 | |
| Sorceress Training | 2 | |
| Armor | 3 | |
| Swords | 3 | |
| Priest Training | 2 | |
| Animal War Training | 1 | |
| Cloud | 1 | |
| Storm Hammers | 1 | |
18 total
» buildings
| Altar of Kings | 1 | |
| Farm | 12 | |
| Lumber Mill | 2 | |
| Scout Tower | 154 | |
| Arcane Tower | 4 | |
| Guard Tower | 67 | |
| Town Hall | 5 | |
| Keep | 1 | |
| Castle | 2 | |
| Arcane Sanctum | 1 | |
| Arcane Vault | 4 | |
| Blacksmith | 2 | |
| Gryphon Aviary | 7 | |
| Barracks | 1 | |
263 total
» build order
00:08 Altar of Kings
00:11 Farm
00:40 Farm
01:19 Lumber Mill
01:53 Scout Tower
02:03 Farm
02:22 Arcane Tower
02:24 Scout Tower
02:37 Scout Tower
02:51 Guard Tower
02:52 Guard Tower
02:54 Scout Tower
02:56 Scout Tower
03:20 Guard Tower
03:20 Guard Tower
03:25 Scout Tower
03:27 Guard Tower
03:27 Guard Tower
03:30 Scout Tower
03:37 Scout Tower
03:40 Scout Tower
03:44 Arcane Tower
03:45 Farm
03:53 Guard Tower
03:53 Guard Tower
03:57 Scout Tower
04:00 Guard Tower
04:02 Scout Tower
04:05 Scout Tower
04:15 Guard Tower
04:15 Guard Tower
04:30 Guard Tower
04:30 Guard Tower
04:30 Guard Tower
04:41 Guard Tower
04:41 Guard Tower
04:45 Guard Tower
04:45 Guard Tower
05:09 Scout Tower
05:14 Scout Tower
05:16 Scout Tower
05:41 Guard Tower
05:48 Guard Tower
05:50 Scout Tower
06:01 Scout Tower
06:18 Town Hall
06:32 Guard Tower
06:34 Scout Tower
06:36 Scout Tower
06:40 Scout Tower
06:47 Keep
07:03 Scout Tower
07:04 Guard Tower
07:11 Scout Tower
07:12 Guard Tower
07:54 Guard Tower
08:04 Scout Tower
08:06 Scout Tower
08:32 Guard Tower
08:33 Guard Tower
08:38 Scout Tower
08:59 Farm
09:15 Castle
09:15 Castle
09:38 Town Hall
09:43 Scout Tower
09:43 Scout Tower
09:44 Scout Tower
09:45 Scout Tower
09:48 Scout Tower
09:48 Scout Tower
09:50 Scout Tower
09:50 Scout Tower
09:51 Scout Tower
09:51 Scout Tower
10:01 Scout Tower
10:33 Guard Tower
10:35 Arcane Tower
10:35 Arcane Tower
10:51 Scout Tower
10:51 Scout Tower
11:10 Guard Tower
11:11 Guard Tower
11:32 Arcane Sanctum
11:49 Guard Tower
11:49 Guard Tower
11:49 Guard Tower
12:03 Guard Tower
12:04 Guard Tower
12:07 Guard Tower
12:13 Scout Tower
12:14 Scout Tower
12:14 Scout Tower
12:15 Scout Tower
12:16 Scout Tower
12:16 Scout Tower
12:17 Scout Tower
12:17 Scout Tower
12:17 Scout Tower
12:18 Scout Tower
12:18 Scout Tower
12:18 Scout Tower
12:43 Guard Tower
12:45 Scout Tower
12:46 Scout Tower
12:46 Scout Tower
12:47 Scout Tower
13:23 Scout Tower
13:23 Scout Tower
13:24 Scout Tower
13:24 Scout Tower
13:25 Scout Tower
13:26 Scout Tower
13:26 Scout Tower
13:27 Scout Tower
13:51 Guard Tower
14:22 Guard Tower
14:24 Scout Tower
14:24 Scout Tower
14:25 Scout Tower
14:25 Scout Tower
14:26 Scout Tower
14:26 Scout Tower
14:26 Scout Tower
14:26 Scout Tower
14:27 Scout Tower
14:27 Scout Tower
14:27 Scout Tower
14:27 Scout Tower
14:28 Scout Tower
15:07 Guard Tower
15:11 Scout Tower
15:11 Scout Tower
15:11 Scout Tower
15:12 Scout Tower
16:54 Guard Tower
16:57 Guard Tower
16:57 Guard Tower
17:59 Guard Tower
17:59 Guard Tower
19:01 Guard Tower
19:10 Scout Tower
19:10 Scout Tower
19:11 Scout Tower
19:11 Scout Tower
19:12 Scout Tower
19:12 Scout Tower
19:15 Scout Tower
19:15 Scout Tower
19:16 Scout Tower
19:16 Scout Tower
19:16 Scout Tower
19:16 Scout Tower
19:18 Scout Tower
19:18 Scout Tower
19:18 Scout Tower
19:19 Scout Tower
19:19 Scout Tower
19:19 Scout Tower
19:20 Scout Tower
19:21 Scout Tower
19:21 Scout Tower
19:22 Scout Tower
19:22 Scout Tower
19:29 Guard Tower
19:29 Guard Tower
19:35 Arcane Vault
19:36 Scout Tower
19:36 Scout Tower
19:36 Scout Tower
19:37 Scout Tower
19:56 Scout Tower
19:56 Scout Tower
19:57 Scout Tower
19:57 Scout Tower
19:58 Scout Tower
19:58 Scout Tower
19:59 Scout Tower
20:00 Arcane Vault
20:01 Scout Tower
20:01 Scout Tower
20:02 Scout Tower
20:03 Scout Tower
20:03 Scout Tower
20:27 Guard Tower
20:27 Guard Tower
20:44 Guard Tower
20:52 Lumber Mill
20:57 Scout Tower
20:57 Scout Tower
20:58 Scout Tower
20:58 Scout Tower
22:28 Guard Tower
22:51 Guard Tower
22:54 Guard Tower
23:22 Guard Tower
23:23 Guard Tower
23:38 Scout Tower
23:39 Scout Tower
23:39 Scout Tower
23:39 Scout Tower
23:39 Scout Tower
23:40 Scout Tower
23:40 Scout Tower
23:41 Scout Tower
23:48 Guard Tower
24:05 Guard Tower
24:10 Guard Tower
24:37 Guard Tower
25:06 Guard Tower
25:06 Guard Tower
26:40 Guard Tower
27:36 Scout Tower
27:36 Scout Tower
27:37 Scout Tower
27:37 Scout Tower
27:38 Scout Tower
28:07 Guard Tower
28:07 Guard Tower
28:32 Blacksmith
28:32 Blacksmith
30:21 Gryphon Aviary
30:21 Gryphon Aviary
30:22 Gryphon Aviary
30:22 Gryphon Aviary
30:23 Gryphon Aviary
30:25 Gryphon Aviary
30:30 Barracks
30:36 Gryphon Aviary
33:09 Farm
33:15 Farm
33:15 Farm
33:16 Farm
33:17 Farm
33:17 Farm
33:20 Guard Tower
37:01 Arcane Vault
37:03 Arcane Vault
42:09 Town Hall
42:25 Scout Tower
42:25 Scout Tower
42:25 Scout Tower
42:26 Scout Tower
42:26 Scout Tower
42:26 Scout Tower
42:27 Scout Tower
42:27 Scout Tower
42:28 Scout Tower
42:28 Scout Tower
42:29 Scout Tower
42:29 Scout Tower
42:30 Scout Tower
42:30 Scout Tower
49:15 Town Hall
50:11 Town Hall
» items
| Staff of Teleportation | 3 | |
| Scroll of Town Portal | 4 | |
| Lesser Clarity Potion | 11 | |
| Potion of Mana | 5 | |
| Potion of Healing | 10 | |
| Scroll of Regeneration | 8 | |
| Staff of Sanctuary | 3 | |
| Orb of Fire | 2 | |
| Ivory Tower | 2 | |
| Boots of Speed | 2 | |
| Periapt of Vitality | 2 | |
| Circlet of Nobility | 1 | |
53 total
GoodLuckHavFun (
yellow | 64 APM | 3374 actions | 52:57)
10 Demon Hunter
3 Immolation
3 Evasion
1 Metamorphosis
3 Mana Burn
» actions
| Build / train | 136 | |
| Enter build submenu | 50 | |
| Enter hero's abilities submenu | 10 | |
| Give item / drop item | 3 | |
| Remove unit from queue | 10 | |
| Right click | 2339 | |
| Select / deselect | 726 | |
| Use ability | 97 | |
3374 total
» units
| Wisp | 46 | |
| Archer | 6 | |
| Huntress | 5 | |
| Dryad | 5 | |
| Druid of the Claw | 3 | |
| Chimaera | 5 | |
| Hippogryph | 10 | |
| Forest Troll High Priest | 4 | |
| Rogue | 3 | |
| Assassin | 4 | |
| Kobold Geomancer | 1 | |
92 total
» upgrades
| Strength of the Wild | 3 | |
| Reinforced Hides | 3 | |
| Abolish Magic | 1 | |
| Druid of the Claw Training | 2 | |
| Strength of the Moon | 2 | |
| Upgrade Moon Glaive | 1 | |
| Well Spring | 1 | |
| Mark of the Claw | 1 | |
| Ultravision | 1 | |
| Moon Armor | 1 | |
| Corrosive Breath | 1 | |
| Nature's Blessing | 1 | |
18 total
» buildings
| Altar of Elders | 3 | |
| Moon Well | 13 | |
| Ancient of War | 2 | |
| Ancient of Wonders | 2 | |
| Hunter's Hall | 3 | |
| Tree of Ages | 5 | |
| Tree of Life | 7 | |
| Ancient of Lore | 3 | |
| Tree of Eternity | 2 | |
| Ancient of Wind | 3 | |
| Chimaera Roost | 3 | |
46 total
» build order
00:12 Altar of Elders
00:14 Moon Well
00:35 Ancient of War
00:46 Ancient of War
01:20 Moon Well
01:52 Ancient of Wonders
02:11 Ancient of Wonders
03:31 Moon Well
03:43 Hunter's Hall
04:31 Moon Well
04:34 Tree of Ages
05:36 Tree of Life
06:48 Tree of Life
07:42 Ancient of Lore
07:43 Ancient of Lore
08:39 Tree of Eternity
10:01 Moon Well
11:01 Moon Well
12:16 Moon Well
14:10 Ancient of Wind
16:04 Chimaera Roost
16:04 Chimaera Roost
16:06 Chimaera Roost
19:19 Tree of Life
19:56 Tree of Ages
20:04 Hunter's Hall
20:52 Moon Well
22:22 Ancient of Wind
24:03 Tree of Life
29:23 Altar of Elders
30:44 Tree of Life
31:25 Altar of Elders
31:29 Moon Well
32:24 Moon Well
32:35 Tree of Life
33:22 Moon Well
34:16 Moon Well
36:07 Tree of Life
44:28 Moon Well
45:55 Tree of Ages
45:58 Hunter's Hall
49:15 Tree of Eternity
52:53 Ancient of Lore
52:55 Ancient of Wind
» items
Elite_Master (
blue | 43 APM | 2262 actions | 52:57)
7 Mountain King
3 Storm Bolt
3 Bash
1 Avatar
6 Paladin
2 Devotion Aura
1 Divine Shield
2 Holy Light
1 Resurrection
» actions
| Assign group hotkey | 9 | |
| Basic commands | 1 | |
| Build / train | 168 | |
| Enter build submenu | 31 | |
| Enter hero's abilities submenu | 13 | |
| Give item / drop item | 2 | |
| Right click | 810 | |
| Select / deselect | 270 | |
| Select group hotkey | 842 | |
| Use ability | 116 | |
2262 total
» units
| Peasant | 19 | |
| Footman | 7 | |
| Knight | 32 | |
| Priest | 15 | |
| Sorceress | 12 | |
| Gryphon Rider | 7 | |
| Mortar Team | 20 | |
| Spell Breaker | 3 | |
115 total
» upgrades
| Defend | 1 | |
| Plating | 3 | |
| Swords | 3 | |
| Masonry | 2 | |
| Lumber Harvesting | 2 | |
| Animal War Training | 1 | |
| Armor | 3 | |
| Priest Training | 2 | |
| Sorceress Training | 2 | |
| Storm Hammers | 1 | |
| Fragmentation Shards | 1 | |
| Flare | 1 | |
| Gunpowder | 2 | |
| Control Magic | 1 | |
| Magic Sentry | 1 | |
26 total
» buildings
| Altar of Kings | 1 | |
| Farm | 12 | |
| Lumber Mill | 1 | |
| Barracks | 1 | |
| Blacksmith | 1 | |
| Keep | 1 | |
| Arcane Vault | 1 | |
| Castle | 1 | |
| Town Hall | 7 | |
| Arcane Sanctum | 1 | |
| Gryphon Aviary | 2 | |
| Workshop | 1 | |
30 total
» build order
00:19 Altar of Kings
00:31 Farm
00:49 Lumber Mill
01:16 Farm
01:32 Barracks
01:57 Farm
02:44 Blacksmith
03:22 Keep
04:42 Arcane Vault
05:45 Castle
06:05 Farm
07:25 Farm
09:01 Farm
10:09 Farm
11:17 Town Hall
12:03 Farm
13:16 Farm
13:34 Arcane Sanctum
14:01 Farm
16:38 Town Hall
16:44 Gryphon Aviary
17:27 Gryphon Aviary
19:43 Farm
20:43 Farm
22:36 Workshop
23:32 Town Hall
34:28 Town Hall
41:52 Town Hall
42:12 Town Hall
50:05 Town Hall
» items
| Scroll of Regeneration | 2 | |
| Scroll of Town Portal | 4 | |
| Potion of Healing | 1 | |
| Potion of Mana | 1 | |
| Orb of Fire | 2 | |
10 total
Chat log
(00:04 / All) GoodLuckHavFun:
(00:06 / All) Newbs: gg
(00:22 / 4) 7up_coolspot: what do we do
(00:51 / 4) 7up_coolspot: do it far away then slowwly close in
(01:25 / Allies) Elite_Master: knights here
(01:33 / Allies) GoodLuckHavFun: bear dryad
(01:38 / Allies) GoodLuckHavFun: mostly dryad
(01:46 / Allies) Elite_Master: k
(02:18 / 4) 7up_coolspot: hey ur not doing it
(03:08 / 4) 7up_coolspot: that things level 8
(07:50 / Allies) 7up_coolspot: thanks bud
(08:16 / Allies) Elite_Master: sorry man
(13:15 / 6) cool_player: the mid near yellows expo is totally open
(13:32 / Allies) GoodLuckHavFun: plan lol
(14:26 / Allies) Elite_Master: go
(17:54 / 4) 7up_coolspot: our team has nothing
(18:33 / 6) cool_player: extreme brain instant hex vs no brain no units fight off towers
(18:56 / All) Newbs: towers are for newbs
(18:57 / 6) cool_player: up those
(26:29 / 4) 7up_coolspot: HELP BOT
(26:31 / Allies) 7up_coolspot: HELP BOT
(30:02 / 4) 7up_coolspot: run
(30:04 / Allies) 7up_coolspot: RUN
(37:05 / All) Newbs: green has 13,000 gold
(37:13 / All) Newbs: be over by now if the newb spent it
(39:11 / All) host: towers....
(39:33 / All) 7up_coolspot: noobs cant kill a tower?
(39:44 / All) Newbs: green trolling
(39:48 / All) Newbs: 8000 gold now
(39:52 / All) 7up_coolspot: only 8000?
(39:53 / All) 7up_coolspot: poor?
(40:40 / All) 7up_coolspot: units are for noobs
(40:50 / All) Newbs: green is a troll loser
(40:58 / All) Newbs: he massed 14, 0000 gold
(41:39 / All) Newbs: never seen such a low iq idiot like green, massing 14, 000 gold
(41:55 / All) 7up_coolspot: having 0 gold is pro
(41:57 / All) host: give me back all the gold shithead
(42:07 / All) Newbs: greens iq is around 42
(43:20 / 4) 7up_coolspot: need to harass their bases now
(43:28 / 4) 7up_coolspot: fuck they have a lot
(43:29 / 4) 7up_coolspot: we need tanks
(43:31 / Allies) 7up_coolspot: BACK
(45:34 / All) Newbs: this loser green refuses to spend his 7000 gold
(45:38 / All) Newbs: green for you win
(45:42 / All) 7up_coolspot: only 7000 now?
(45:45 / All) 7up_coolspot: it was a lot more...
(46:01 / All) Newbs: he went from 14, 000 to 7000
(46:09 / All) Newbs: he has severe brain damage
(46:25 / All) host: towers work asshole
(46:36 / All) host: not going to waste $$$ throwing shit into towers
(46:36 / All) Newbs: no your brain fails
(46:41 / All) host: asshole
(46:46 / All) host: i have u twice what u mined
(46:47 / All) 7up_coolspot: hey purple
(46:48 / All) host: and u wasted it
(46:49 / All) 7up_coolspot: Whats your population at
(46:51 / All) Newbs: green a downs syndrome idiot
(47:01 / All) 7up_coolspot: what is purple's food at
(47:04 / All) 7up_coolspot: someone tell me purple's food
(47:29 / All) Newbs: green tk'd us with his gold saving
(47:40 / All) Newbs: he doesnt even know what a shaman is
(47:42 / All) 7up_coolspot: purple youre not answering
(47:45 / All) 7up_coolspot: whats your food at
(47:51 / All) Newbs: 42
(47:54 / All) 7up_coolspot: out of
(48:02 / All) Newbs: 29/42
(48:30 / All) Newbs: green claims you have too many towers so he stopped making anything and gave up
(48:35 / All) Newbs: the kid is total reject
(49:37 / All) Newbs: next time you have green on your side, dont waste your time
(49:40 / All) Newbs: just tk his dumb ass
(52:34 / All) Killshot: thank green for the win
(52:47 / All) host: gg